 Dungeon Crawl Stone Soup version 0.21-a0-531-gacddea6133 (webtiles) character file.

116616 Cheet4h the Warrior (level 16, -1/134 HPs)
             Began as a Pale Draconian Fighter on Dec 10, 2017.
             Was the Champion of Okawaru.
             Slain by an orc high priest
             ... wielding a +0 hand axe
              (4 damage)
             ... on level 2 of the Orcish Mines on Dec 12, 2017.
             The game lasted 01:51:51 (27614 turns).

Cheet4h the Warrior (Pale Draconian Fighter)       Turns: 27614, Time: 01:51:51

Health: -1/134     AC:  0    Str: 31    XL:     16   Next: 21%
Magic:  0/24       EV: 30    Int: 10    God:    Okawaru [******]
Gold:   1354       SH: 21    Dex: 17    Spells: 19/26 levels left

rFire    . . .     SeeInvis .   a - +6 demon blade "Ickoqul" {pain, MR+ Dex+2}
rCold    . . .     Gourm    .   O - +5 shield
rNeg     . . .     Faith    .   (armour unavailable)
rPois    .         Spirit   +   G - +0 hat of Happy Babbling {Str+4}
rElec    .         Reflect  .   U - scarf {Spirit}
rCorr    .         Harm     .   (no gloves)
MR       ++...     Clarity  +   w - +2 pair of boots of the Assassin {Detection Stab+ Stlth++}
Stlth    +++++.....             D - amulet of regeneration
HPRegen  0.72/turn              F - +4 ring of evasion
MPRegen  0.19/turn              M - +3 ring of strength

@: short of breath, heroism, corroded
A: breathe steam, unfitting armour, beak, clarity, clever 1, frail 1, strong 1,
cold-blooded, AC +9
a: Breathe Steam, Heroism, Finesse, Renounce Religion


You were on level 2 of the Orcish Mines.
You worshipped Okawaru.
Okawaru was exalted by your worship.
You were hungry.

You visited 4 branches of the dungeon, and saw 24 of its levels.
You also visited: Labyrinth and Ice Cave.

You collected 1948 gold pieces.
You spent 594 gold pieces at shops.

Inventory:

Hand Weapons
 a - the +6 demon blade "Ickoqul" (weapon) {pain, MR+ Dex+2}
   (Okawaru gifted it to you on level 15 of the Dungeon)

   In the hands of one skilled in necromantic magic, it inflicts extra damage on
   living creatures.
   It affects your dexterity (+2).
   It affects your resistance to hostile enchantments.
 b - a +9 scimitar of draining
 R - the +4 short sword of Power {protect, *Corrode rC+ SInv}
   (Okawaru gifted it to you on level 14 of the Dungeon)

   It protects the one who uses it against injury (+AC on strike).
   It protects you from cold.
   It lets you see invisible.
   It may corrode you when you take damage.
Armour
 w - the +2 pair of boots of the Assassin (worn) {Detection Stab+ Stlth++}
   (You acquired it on level 13 of the Dungeon)

   It makes you much more stealthy.
 G - the +0 hat of Happy Babbling (worn) {Str+4}
   (Okawaru gifted it to you on level 13 of the Dungeon)

   It affects your strength (+4).
 O - a +5 shield (worn)
 Q - a +2 pair of boots of flying
 U - a scarf of spirit shield (worn)
Jewellery
 c - an uncursed ring of poison resistance
 h - a +3 ring of protection
 q - an uncursed ring of see invisible
 t - an uncursed ring of ice
 B - the ring "Houcan" {Wiz rC+ Int+2}
   (You found it on level 6 of the Lair of Beasts)

   [ring of wizardry]

   It improves your spell success rate.
   It affects your intelligence (+2).
   It protects you from cold.
 D - an amulet of regeneration (around neck)
 F - a +4 ring of evasion (left hand)
 M - a +3 ring of strength (right hand)
 S - an uncursed amulet of rage
 T - an uncursed amulet of guardian spirit
 V - an uncursed ring of positive energy
 Z - an uncursed ring of protection from cold
Wands
 p - a wand of iceblast (7)
 s - a wand of paralysis (16)
 x - a wand of acid (21)
 y - a wand of random effects (107)
 z - a wand of enslavement (54)
 I - a wand of digging (5)
 K - a wand of flame (74)
 L - a wand of disintegration (17)
Scrolls
 g - 17 scrolls of remove curse
 j - 7 scrolls of teleportation
 m - 2 scrolls of blinking
 n - 4 scrolls of enchant armour
 o - 8 scrolls of identify
 E - 6 scrolls of fog
 H - a scroll of fear
 J - a scroll of holy word
 P - a scroll of amnesia
Potions
 i - 12 potions of curing
 l - a potion of invisibility
 r - 2 potions of haste
 u - 2 potions of cancellation
 v - 2 potions of magic
 A - 3 potions of might
 C - 2 potions of berserk rage
 N - 2 potions of flight
 W - a potion of ambrosia
 X - a potion of heal wounds
Miscellaneous
 e - a fan of gales
Comestibles
 d - 9 bread rations
 f - 5 meat rations
 k - 24 royal jellies


   Skills:
 * Level 15.5(20.5) Fighting
 * Level 14.2(19.2) Long Blades
 * Level 13.3(18.3) Dodging
 + Level 10.8(15.8) Shields
 - Level 5.6 Spellcasting
 - Level 5.0 Conjurations
 - Level 6.0 Translocations
 - Level 6.8 Fire Magic
 - Level 4.6 Invocations


You had 19 spell levels left.
You knew the following spells:

 Your Spells              Type           Power        Failure   Level  Hunger
a - Blink                 Tloc           N/A          2%          2    ##.....
b - Conjure Flame         Conj/Fire      ##......     5%          3    ###....
c - Throw Flame           Conj/Fire      ##....       2%          2    ##.....


Dungeon Overview and Level Annotations

Branches:
Dungeon (15/15)            Temple (1/1) D:4            Lair (6/6) D:8
  Swamp (0/4) Lair:4        Snake (0/4) Lair:3        Slime (0/5) Lair:5
    Orc (2/2) D:9             Elf (0/3) Orc:2        Vaults (0/5) D:14
 Depths (0/5) D:15

Altars:
Ashenzari
Cheibriados
Dithmenos
Elyvilon
Fedhas
Gozag
Hepliaklqana
Kikubaaqudgha
Makhleb
Nemelex Xobeh
Okawaru
Qazlal
Ru
Sif Muna
Trog
Uskayaw
Vehumet
Wu Jian
Xom
Yredelemnul
Zin
The Shining One
Jiyva

Shops:
D:6 :   D:14 =   Orc:2 !%!

Annotations:
D:6 Prince Ribbit
Lair:2 exclusion: 4 oklob plants


Innate Abilities, Weirdness & Mutations

You can breathe blasts of scalding, opaque steam.
Your pale cyan-grey scales are hard. (AC +9)
You cannot fit into any form of body armour.
You are cold-blooded and may be slowed by cold attacks.
You have a beak for a mouth.
You possess an exceptional clarity of mind.
Your mind is acute. (Int +2)
You are frail. (-10% HP)
Your muscles are strong. (Str +2)


Message History

The torturous demonspawn is lightly wounded.
You block the rust devil's attack.
The infernal demonspawn completely misses you.
You block the torturous demonspawn's attack.
You block the orc high priest's attack.
Casting: Conjure Flame
Confirm with . or Enter, or press ? or * to list all spells.
You don't have enough magic to cast that spell.
Casting: Conjure Flame
Confirm with . or Enter, or press ? or * to list all spells.
You don't have enough magic to cast that spell.
You slash the torturous demonspawn!
You peck the torturous demonspawn, but do no damage.
You tail-slap the torturous demonspawn, but do no damage.
The torturous demonspawn is moderately wounded.
You block the red devil's attack. The rust devil hits you!
* * * LOW HITPOINT WARNING * * *
The rust devil corrodes you!
The orc high priest hits you with a hand axe.
You die...

###..###...###.........
##..###.#)#.###........
#..###...#...###.......
..###...###.).###......
.###...## ##)).###.....
......##{{{##())###....
.#...## #.{##)..###...
....... ....## {
#..##6#.###.. ........
...##{ #...o@..# #.
......... ..##{{ {
##§#64o..# #..........
...##
#.§§§..4###...........
....##
#.{##.#.###............
[#)).## #..#
...###.............
)))...# ...#
...###........#.....
.###...##o#
..###...............
))###...#
..###............##..
#))###...#
##.................


You could see 2 orc high priests, an infernal demonspawn, a torturous
demonspawn, a rust devil and a red devil.

Vanquished Creatures
  Rupert (Lair:5)
  An orc warlord (Orc:1)
  A frost giant (IceCv)
  The ghost of jehirs the Carver, a journeyman DsFi of Ru (Lair:6)
  Josephine (D:15)
  Snorg (D:11)
  A minotaur (Lab)
  Harold (D:12)
  2 ice dragons (D:15)
  A death knight (D:11)
  A catoblepas (Lair:6)
  7 hydras
  6 death yaks
  17 two-headed ogres
  3 centaur warriors
  2 ogre magi (D:15)
  An orc high priest (Orc:2)
  Urug (Lair:4)
  Sonja (D:12)
  A skeletal warrior (D:14)
  5 unseen horrors
  A deep elf archer (D:14)
  A phantasmal warrior (D:11)
  4 orc knights (Orc:2)
  7 ugly things
  4 orc sorcerers (Orc:2)
  6 deep elf magi
  A manticore (Lair:2)
  A rust devil (Orc:2)
  2 cyclopes
  5 elephants
  Maurice (D:12)
  3 centaur zombies
  An ice statue (IceCv)
  An orange demon (Orc:2)
  A black mamba (Lair:6)
  2 gargoyles
  A kobold demonologist (D:11)
  8 spiny frogs
  6 komodo dragons
  24 rime drakes
  2 freezing wraiths
  4 yaktaurs (D:14)
  2 tengu conjurers (D:14)
  2 queen bees
  4 trolls
  7 hornets
  Grinder (D:3)
  3 meliai (Lair:5)
  20 polar bears
  2 slime creatures (D:13)
  5 dream sheep
  9 blink frogs
  11 hippogriffs
  Sigmund (D:3)
  2 water elementals (D:14)
  9 wyverns
  13 spriggans
  6 wraiths
  59 yaks
  2 shadows
  A vampire (D:14)
  10 basilisks
  5 hungry ghosts
  8 steam dragons
  7 vampire mosquitoes
  Menkaure (D:4)
  3 nagas (Lair:3)
  An acid dragon (Lair:2)
  8 water moccasins
  4 porcupines
  3 ice beasts
  25 orc warriors
  5 sky beasts
  3 phantoms
  6 necrophages
  11 ogres
  52 wolves
  6 centaurs
  5 boggarts (Lair:6)
  3 black bears
  9 crocodiles
  2 big kobolds
  15 bullfrogs
  2 wyvern zombies (D:13)
  A water moccasin zombie (D:7)
  4 scorpions
  2 wyvern skeletons
  2 troll zombies (D:9)
  51 killer bees
  15 wights
  3 howler monkeys (D:7)
  2 electric eels (D:14)
  6 crimson imps
  2 bullfrog zombies (D:7)
  2 quasits
  2 jellies
  4 bullfrog skeletons
  9 centaur skeletons
  23 orc priests
  7 hounds
  Jessica (D:3)
  8 orc wizards
  2 iguanas
  6 worker ants
  4 ogre zombies (D:9)
  A hound zombie (D:7)
  A hound skeleton (D:8)
  2 worker ant zombies
  10 adders
  An ooze (D:1)
  A dart slug (D:4)
  10 leopard geckos
  68 orcs
  6 giant cockroaches
  7 goblins
  6 hobgoblins
  4 jackals (D:11)
  5 quokkas
  A ball python (D:4)
  8 bats
  2 frilled lizards
  2 hobgoblin skeletons (D:9)
  A hobgoblin zombie (D:9)
  10 kobolds
  A leopard gecko skeleton (D:5)
  An orc skeleton (D:9)
  15 orc zombies (D:9)
  A quokka zombie (D:7)
  5 rats
  A bush (D:7)
  2 plants (Lair:1)
823 creatures vanquished.

Vanquished Creatures (others)
  3 polar bears (IceCv)
  A spriggan (Lair:6)
  A yak (IceCv)
  2 wolves (IceCv)
  3 killer bees (Lair:2)
  6 fungi
  7 plants
23 creatures vanquished.

Grand Total: 846 creatures vanquished

Notes
Turn   | Place    | Note
-------+----------+-------------------------------------------
     0 | D:1      | Cheet4h the Draconian Fighter began the quest for the Orb.
     0 | D:1      | Reached XP level 1. HP: 19/19 MP: 1/1
   171 | D:1      | Reached XP level 2. HP: 25/26 MP: 2/2
   643 | D:2      | Reached XP level 3. HP: 23/33 MP: 3/3
   868 | D:2      | Noticed a green death
   869 | D:2      | Found a burning altar of Makhleb.
   904 | D:2      | Found a glowing silver altar of Zin.
   904 | D:2      | Noticed an angel
   987 | D:2      | Reached skill level 4 in Fighting
  1536 | D:3      | Noticed Jessica
  1547 | D:3      | Noticed Grinder
  1548 | D:3      | Killed Jessica
  1548 | D:3      | Reached XP level 4. HP: 38/40 MP: 4/4
  1550 | D:3      | Paralysed by Grinder for 2 turns
  1556 | D:3      | Paralysed by Grinder for 7 turns
  1577 | D:3      | Killed Grinder
  1577 | D:3      | Reached skill level 5 in Fighting
  1577 | D:3      | Reached XP level 5. HP: 21/48 MP: 5/5
  1577 | D:3      | Reached XP level 6. HP: 25/56 MP: 6/6
  1856 | D:3      | Noticed Sigmund
  1872 | D:3      | Killed Sigmund
  2441 | D:4      | Found a shadowy altar of Dithmenos.
  2476 | D:4      | Your scales start taking on a pale cyan-grey colour.
  2476 | D:4      | Reached XP level 7. HP: 28/62 MP: 7/7
  2809 | D:4      | Found a staircase to the Ecumenical Temple.
  2817 | D:4      | Noticed Menkaure
  2819 | Temple   | Entered the Ecumenical Temple
  3055 | Temple   | Became a worshipper of Warmaster Okawaru
  3137 | D:4      | Reached skill level 6 in Fighting
  3141 | D:4      | Killed Menkaure
  3707 | D:5      | Entered Level 5 of the Dungeon
  3790 | D:5      | Reached skill level 5 in Dodging
  3797 | D:5      | Reached skill level 5 in Long Blades
  4062 | D:5      | Reached * piety under Okawaru
  4062 | D:5      | Reached XP level 8. HP: 39/71 MP: 8/8
  4427 | D:5      | Found a hazy altar of Hepliaklqana.
  4428 | D:5      | Found a shimmering altar of Xom.
  4429 | D:5      | Noticed a spectral ugly thing
  4915 | D:6      | Reached skill level 7 in Fighting
  5072 | D:6      | HP: 2/73 [orc warrior/scimitar (7)]
  5073 | D:6      | Reached skill level 5 in Shields
  5427 | D:6      | Found Seuv's Book Emporium.
  5432 | D:6      | Found a sacrificial altar of Ru.
  5672 | D:6      | Noticed Prince Ribbit
  5820 | D:6      | Found a sparkling altar of Nemelex Xobeh.
  5820 | D:6      | Found a glowing golden altar of the Shining One.
  5820 | D:6      | Found a bloodstained altar of Trog.
  5820 | D:6      | Found a snail-covered altar of Cheibriados.
  5962 | D:6      | Found a stormy altar of Qazlal.
  6496 | D:7      | Found a blossoming altar of Fedhas.
  6603 | D:7      | Reached ** piety under Okawaru
  6603 | D:7      | Reached XP level 9. HP: 78/80 MP: 9/9
  6836 | D:7      | Reached skill level 8 in Fighting
  7465 | D:8      | Reached *** piety under Okawaru
  7546 | D:8      | Reached skill level 9 in Fighting
  7966 | D:8      | Noticed a two-headed ogre
  7967 | D:8      | Reached XP level 10. HP: 79/91 MP: 10/10
  7978 | D:8      | Killed a two-headed ogre
  7978 | D:8      | Reached **** piety under Okawaru
  8297 | D:8      | Found a staircase to the Lair.
  8457 | D:9      | Found a basalt altar of Yredelemnul.
  8820 | D:9      | Found a hide-covered altar of Uskayaw.
  9038 | D:9      | Found a staircase to the Orcish Mines.
  9045 | D:9      | Reached skill level 10 in Fighting
  9151 | D:9      | Noticed a five-headed hydra
  9157 | D:9      | Killed a five-headed hydra
  9157 | D:9      | Reached ***** piety under Okawaru
  9689 | D:10     | Entered Level 10 of the Dungeon
 10110 | D:10     | Killed an unseen horror
 10110 | D:10     | Reached XP level 11. HP: 66/101 MP: 11/11
 10390 | D:10     | Killed an unseen horror
 10895 | D:11     | Noticed Snorg
 10916 | D:11     | Killed Snorg
 11058 | D:11     | Reached skill level 11 in Fighting
 11188 | D:11     | Reached skill level 1 in Spellcasting
 11192 | D:11     | Learned a level 2 spell: Blink
 11198 | D:11     | Learned a level 3 spell: Conjure Flame
 11301 | D:11     | Received a gift from Okawaru
 11304 | D:11     | Got a dazzling long sword {god gift}
 11305 | D:11     | Identified the +2 long sword "Qaor" {drain, rN+ Str+2} (Okawaru gifted it to you on level 11 of the Dungeon)
 11317 | D:11     | Noticed a death knight
 11324 | D:11     | Noticed a phantasmal warrior
 11349 | D:11     | Killed a phantasmal warrior
 11355 | D:11     | Killed a death knight
 11355 | D:11     | Reached skill level 10 in Long Blades
 11355 | D:11     | Reached skill level 1 in Translocations
 11355 | D:11     | Reached skill level 1 in Fire Magic
 11371 | D:11     | HP: 1/102 [freezing wraith[a death knight] (14)]
 11373 | D:11     | Noticed a cyan ugly thing
 11376 | D:11     | HP: 2/102 [cyan ugly thing (13)]
 11379 | D:11     | Killed a cyan ugly thing
 11784 | D:11     | Noticed a two-headed ogre
 11808 | D:11     | Killed a two-headed ogre
 11808 | D:11     | Reached ****** piety under Okawaru
 12005 | D:11     | Noticed a two-headed ogre
 12017 | D:11     | Killed a two-headed ogre
 12144 | D:11     | Noticed a purple ugly thing
 12150 | D:11     | Noticed a deep elf mage
 12167 | D:11     | Killed a purple ugly thing
 12167 | D:11     | Reached XP level 12. HP: 43/110 MP: 15/15
 13308 | D:12     | Reached skill level 10 in Dodging
 13325 | D:12     | Noticed Harold
 13335 | D:12     | Killed Harold
 13349 | D:12     | Noticed a six-headed hydra
 13377 | D:12     | Received a gift from Okawaru
 13447 | D:12     | Found a labyrinth entrance.
 13447 | D:12     | Noticed Sonja
 13492 | Lab      | Entered a labyrinth
 14115 | Lab      | Noticed a minotaur
 14126 | Lab      | Killed a minotaur
 14134 | Lab      | Identified the Volume of the Arsonist and Bewitchment
 14135 | Lab      | Found the +3 sling "Punk" {acid, rCorr}
 14142 | D:12     | Killed Sonja
 14142 | D:12     | Reached skill level 12 in Fighting
 14285 | D:12     | Noticed Maurice
 14299 | D:12     | Killed Maurice
 14362 | D:12     | Learned a level 2 spell: Throw Flame
 14754 | D:13     | Noticed a two-headed ogre
 14757 | D:13     | Killed a two-headed ogre
 14757 | D:13     | Reached skill level 1 in Invocations
 14799 | D:13     | Reached skill level 1 in Conjurations
 14828 | D:13     | Identified a scroll of acquirement
 14829 | D:13     | Found the +2 pair of boots of the Assassin {Detection Stab+ Stlth++}
 14914 | D:13     | Noticed a two-headed ogre
 14918 | D:13     | Killed a two-headed ogre
 14918 | D:13     | Received a gift from Okawaru
 14919 | D:13     | Got a smoking hand crossbow {god gift}
 15433 | D:13     | Noticed a centaur warrior
 15435 | D:13     | Noticed an eight-headed hydra
 15451 | D:13     | Killed a centaur warrior
 15451 | D:13     | Received a gift from Okawaru
 15451 | D:13     | Reached XP level 13. HP: 53/119 MP: 18/18
 15454 | D:13     | Got a distressingly furry hat {god gift}
 15460 | D:13     | Identified the +0 hat of Happy Babbling {Str+4} (Okawaru gifted it to you on level 13 of the Dungeon)
 16143 | D:14     | Found a frozen archway.
 16169 | IceCv    | Entered an ice cave
 17166 | IceCv    | Reached skill level 5 in Fire Magic
 17227 | IceCv    | Noticed a frost giant
 17250 | IceCv    | Killed a frost giant
 17250 | IceCv    | Received a gift from Okawaru
 17255 | IceCv    | Reached skill level 13 in Fighting
 18201 | D:14     | Reached XP level 14. HP: 129/129 MP: 20/20
 18332 | D:14     | Found Emniklos's Jewellery Boutique.
 18402 | D:14     | Received a gift from Okawaru
 18418 | D:14     | Reached skill level 5 in Translocations
 18439 | D:14     | Found a gate to the Vaults.
 18464 | D:14     | Got a smoking short sword {god gift}
 18465 | D:14     | Identified the +4 short sword of Power {protect, *Corrode rC+ SInv} (Okawaru gifted it to you on level 14 of the Dungeon)
 18738 | D:15     | Entered Level 15 of the Dungeon
 18937 | D:15     | Received a gift from Okawaru
 18938 | D:15     | Reached skill level 5 in Spellcasting
 18941 | D:15     | Got a scorched demon blade {god gift}
 18942 | D:15     | Identified the +6 demon blade "Ickoqul" {pain, MR+ Dex+2} (Okawaru gifted it to you on level 15 of the Dungeon)
 19224 | D:15     | Noticed Josephine
 19244 | D:15     | Killed Josephine
 19324 | D:15     | Received a gift from Okawaru
 19527 | D:15     | Found a staircase to the Depths.
 19982 | Lair:1   | Entered Level 1 of the Lair of Beasts
 20062 | Lair:1   | Received a gift from Okawaru
 21223 | Lair:2   | Reached skill level 14 in Fighting
 21474 | Lair:2   | Reached XP level 15. HP: 129/138 MP: 23/23
 21482 | Lair:2   | Reached skill level 5 in Conjurations
 21996 | Lair:2   | Received a gift from Okawaru
 22035 | Lair:2   | Identified a +1 pair of boots of running (Okawaru gifted it to you on level 2 of the Lair of Beasts)
 22850 | Lair:3   | Found a staircase to the Snake Pit.
 23290 | Lair:4   | Noticed Urug
 23297 | Lair:4   | Killed Urug
 23297 | Lair:4   | Reached skill level 10 in Shields
 23444 | Lair:4   | Found a staircase to the Swamp.
 23889 | Lair:5   | Noticed Rupert
 23901 | Lair:5   | Killed Rupert
 24450 | Lair:5   | Got a transparent short sword
 24452 | Lair:5   | Identified the +5 short sword "Yssi" {vamp, +Rage rF+ Stlth+} (You found it on level 5 of the Lair of Beasts)
 24739 | Lair:5   | Found a viscous altar of Jiyva.
 24739 | Lair:5   | Found a staircase to the Slime Pits.
 24960 | Lair:6   | Entered Level 6 of the Lair of Beasts
 25124 | Lair:5   | Received a gift from Okawaru
 25317 | Lair:6   | Reached skill level 15 in Fighting
 25745 | Lair:6   | Got a smoking glass ring
 25755 | Lair:6   | Identified the ring "Houcan" {Wiz rC+ Int+2} (You found it on level 6 of the Lair of Beasts)
 25845 | Lair:6   | Noticed jehirs's ghost (journeyman DsFi)
 25870 | Lair:6   | Killed jehirs's ghost
 26075 | Lair:6   | Reached XP level 16. HP: 134/149 MP: 21/24
 26570 | Orc:1    | Entered Level 1 of the Orcish Mines
 26571 | Orc:1    | Upgraded the game from 0.21-a0-529-g8c7b3f5d53 to 0.21-a0-531-gacddea6133
 26825 | Orc:2    | Entered Level 2 of the Orcish Mines
 26826 | Orc:2    | Found Boumya's Distillery.
 26881 | Orc:2    | Bought a potion of might for 48 gold pieces
 26881 | Orc:2    | Bought a potion of mutation for 96 gold pieces
 26881 | Orc:2    | Gained mutation: Your mind is acute. (Int +2) [potion of mutation]
 26881 | Orc:2    | Gained mutation: You are frail. (-10% HP) [potion of mutation]
 26881 | Orc:2    | Gained mutation: You are agile. (Dex +2) [potion of mutation]
 26889 | Orc:2    | Found a staircase to the Elven Halls.
 27240 | Orc:2    | Found Xazoedil's Distillery.
 27242 | Orc:2    | Found Qourph's Food Shoppe.
 27365 | Orc:2    | Bought 2 potions of curing for 90 gold pieces
 27365 | Orc:2    | Bought a potion of might for 60 gold pieces
 27365 | Orc:2    | Bought 2 potions of curing for 90 gold pieces
 27365 | Orc:2    | Bought a potion of mutation for 120 gold pieces
 27365 | Orc:2    | Bought 2 potions of curing for 90 gold pieces
 27365 | Orc:2    | Lost mutation: You are agile. (Dex +2) [potion of mutation]
 27365 | Orc:2    | Gained mutation: You have a beak for a mouth. [potion of mutation]
 27365 | Orc:2    | Gained mutation: You possess an exceptional clarity of mind. [potion of mutation]
 27365 | Orc:2    | Gained mutation: Your muscles are strong. (Str +2) [potion of mutation]
 27601 | Orc:2    | Received a gift from Okawaru
 27614 | Orc:2    | HP: 3/134 [rust devil[an orc high priest] (6)]
 27614 | Orc:2    | Slain by an orc high priest

Vault maps used:
D:1:      enne_arrival_octagon_isle
D:2:      grunt_temple_overflow_order_and_chaos_2, minmay_misc_feat_nine_boxes
D:3:      uniq_sigmund, uniq_jessica, uniq_grinder
D:4:      grunt_dithmenos_shadows, minmay_temple_entry_statues_fountains,
          first_bread, minmay_checkerbox, uniq_menkaure
D:5:      regret_index_temple_of_mockery
D:6:      nicolae_qazlal_eye_of_the_storm, lemuel_crystal_altar,
          grunt_temple_overflow_cloverleaf, serial_shops, kennysheep_mini,
          kennysheep_generic_room_12, uniq_prince_ribbit1
D:7:      fedhas_altar_decomposition
D:8:      lair_entry_dummy
D:9:      overflow_temple_1_default, kennysheep_mini_moat, zombieorc1_lemuel,
          the_bakery
D:11:     minmay_blocky_corners, uniq_snorg
D:12:     lab_entry_generic, uniq_maurice, uniq_harold, uniq_sonja
D:14:     hangedman_vaults_entry_quadrant_bands, serial_shops, shop,
          chequers_big_river, portal_ice_cave_rime, minmay_misc_feat_roman
D:15:     grunt_enter_depths_hoard, minmay_misc_feat_x, uniq_josephine
Temple:   dpeg_three_leaves_temple
Lair:1:   wad_woods_04, st_stairs_10, columned_hall_lemuel
Lair:2:   hangedman_what_comes_after_a, bobbens_dragon_lair_wall
Lair:3:   minmay_snake_entry_guardpost_small, grunt_forest_stairs_clearing,
          grunt_megastairs_1
Lair:4:   swamp_mist, uniq_urug
Lair:5:   dpeg_slime_entry_enclosed_altar, special_room, beast_lair_carwin_1,
          uniq_rupert
Lair:6:   minmay_lair_end_enchanted_forest, small_statue_intersection,
          infiniplex_staircase_pool_2
Orc:1:    basic_altar, serial_shops, nicolae_shop_crystal, minmay_orc_barracks
Orc:2:    pf_orc_diabolical, serial_shops, nicolae_shop_waterfront, shop,
          nicolae_volcano_entry_s_turn
Lab:      labyrinth_mini_lab
IceCv:    ice_cave_caverns_02

Skill      XL: |  1  2  3  4  5  6  7  8  9 10 11 12 13 14 15 |
---------------+----------------------------------------------+-----
Dodging        | 3 4 5 6 7 8 9 10 11 12 13 | 13.3
Fighting       | 4 5 6 7 9 10 11 12 13 14 15 | 15.5
Long Blades    | 3 4 5 6 7 9 10 11 12 14 | 14.2
Shields        | 4 5 6 7 8 9 10 | 10.8
Spellcasting   | 2 3 4 5 |  5.6
Translocations | 2 3 4 6 |  6.0
Fire Magic     | 2 4 5 6 |  6.8
Invocations    | 2 4 |  4.6
Conjurations   | 1 3 4 5 |  5.0

Action                   |  1- 3 |  4- 6 |  7- 9 | 10-12 | 13-15 | 16-18 || total
-------------------------+-------+-------+-------+-------+-------+-------++-------
Melee: Long sword        |    97 |    69 |   187 |   521 |   402 |       ||  1276
       Tailslap          |    12 |     8 |    68 |   112 |   342 |    53 ||   595
       Scimitar          |       |       |   197 |    74 |    13 |       ||   284
       Demon blade       |       |       |       |       |   918 |   186 ||  1104
       Short sword       |       |       |       |       |    27 |       ||    27
       Peck              |       |       |       |       |       |    15 ||    15
 Cast: Throw Flame       |       |       |       |     2 |    14 |       ||    16
       Blink             |       |       |       |       |     1 |       ||     1
       Conjure Flame     |       |       |       |       |       |     1 ||     1
Invok: Heroism           |       |       |     1 |     2 |     3 |     2 ||     8
 Abil: Breathe Steam     |       |       |    24 |    43 |    70 |    16 ||   153
Evoke: Wand              |       |       |       |    13 |    11 |       ||    24
       Fan of gales      |       |       |       |     2 |       |       ||     2
  Use: Scroll            |     1 |     4 |     9 |    13 |    13 |       ||    40
       Potion            |       |     2 |       |     7 |     1 |     4 ||    14
 Stab: Sleeping          |       |       |       |     6 |    28 |     3 ||    37
       Confused          |       |       |       |     2 |       |       ||     2
       Distracted        |       |       |       |       |     6 |     1 ||     7
       Petrified         |       |       |       |       |     1 |       ||     1
  Eat: Chunk             |     1 |     4 |    15 |    21 |    33 |     6 ||    80
       Bread ration      |       |       |     2 |     1 |     1 |       ||     4
       Meat ration       |       |       |       |     1 |     2 |       ||     3
       Fruit             |       |       |       |       |     3 |       ||     3
Armor: Skin              |    36 |    15 |    90 |   171 |   194 |    12 ||   518
Dodge: Dodged            |    47 |    25 |   148 |   316 |   643 |    67 ||  1246
Block: Shield            |    52 |    27 |   206 |   398 |  1048 |   175 ||  1906
       Rpst.: Long sword |    17 |     6 |    22 |    46 |    27 |       ||   118
       Scimitar          |       |       |    22 |    12 |     2 |       ||    36
       Demon blade       |       |       |       |       |   114 |    14 ||   128

Table legend:
 A = Spawn XP
 B = Non-spawn XP
 C = Spawn XP percentage of total XP
 D = Spawn monster count
 E = Non-spawn monster count
 F = Spawn count percentage of total count
 G = Total turns spent on level
                    A         B        C        D         E        F      G
               +---------+---------+-------+---------+---------+-------+---------
         Total |       0 |  166595 |   0.0 |       0 |     823 |   0.0 | 27614
               +---------+---------+-------+---------+---------+-------+---------
           D:1 |       0 |      38 |   0.0 |       0 |      21 |   0.0 |   537
           D:2 |       0 |      47 |   0.0 |       0 |      14 |   0.0 |   901
           D:3 |       0 |     577 |   0.0 |       0 |      10 |   0.0 |   953
           D:4 |       0 |     490 |   0.0 |       0 |      17 |   0.0 |  1085
           D:5 |       0 |     639 |   0.0 |       0 |      18 |   0.0 |  1141
           D:6 |       0 |     538 |   0.0 |       0 |      14 |   0.0 |  1371
           D:7 |       0 |    1739 |   0.0 |       0 |      37 |   0.0 |  1093
           D:8 |       0 |    2383 |   0.0 |       0 |      32 |   0.0 |  1298
           D:9 |       0 |    3722 |   0.0 |       0 |      44 |   0.0 |  1353
          D:10 |       0 |    2592 |   0.0 |       0 |      14 |   0.0 |   906
          D:11 |       0 |   11434 |   0.0 |       0 |      47 |   0.0 |  2378
          D:12 |       0 |    5570 |   0.0 |       0 |      21 |   0.0 |   996
          D:13 |       0 |   11608 |   0.0 |       0 |      36 |   0.0 |  1250
          D:14 |       0 |   13794 |   0.0 |       0 |      39 |   0.0 |  1217
          D:15 |       0 |   21854 |   0.0 |       0 |      42 |   0.0 |  1046
        Temple |       0 |      72 |   0.0 |       0 |       2 |   0.0 |   308
        Lair:1 |       0 |    1148 |   0.0 |       0 |       5 |   0.0 |  1005
        Lair:2 |       0 |   18760 |   0.0 |       0 |     101 |   0.0 |  1465
        Lair:3 |       0 |    5961 |   0.0 |       0 |      26 |   0.0 |   856
        Lair:4 |       0 |    1609 |   0.0 |       0 |       5 |   0.0 |   577
        Lair:5 |       0 |   19294 |   0.0 |       0 |      69 |   0.0 |  1379
        Lair:6 |       0 |   17001 |   0.0 |       0 |      72 |   0.0 |  1237
         Orc:1 |       0 |    2299 |   0.0 |       0 |      18 |   0.0 |   257
         Orc:2 |       0 |   10020 |   0.0 |       0 |      70 |   0.0 |   787
           Lab |       0 |    1058 |   0.0 |       0 |       1 |   0.0 |   647
         IceCv |       0 |   12348 |   0.0 |       0 |      48 |   0.0 |  1571
               +---------+---------+-------+---------+---------+-------+---------
